 Dungeon Crawl Stone Soup version 0.29-a0-283-ga02f740833 (webtiles) character file.

Game seed: 8290749436548812370

77362 Ajdolov the Warrior (level 16, -2/149 HPs)
             Began as a Djinni Earth Elementalist on Mar 13, 2022.
             Was an Elder of Ashenzari.
             Slain by a two-headed ogre
             ... wielding a +0 giant club
              (8 damage)
             ... while paralysed by Rupert
             ... on level 2 of the Orcish Mines.
             The game lasted 00:59:51 (25933 turns).

Ajdolov the Warrior (Djinni Earth Elementalist)    Turns: 25933, Time: 00:59:52

Health: -2/149     AC: 16    Str:  7    XL:     16   Next: 4%
Gold:   1452       EV:  2    Int: 24    God:    Ashenzari [****..] SH:  0 Dex: 15

rFire   + + .      SeeInvis +   H - staff of conjuration
rCold   x . .      Faith    .   t - +0 buckler of Ashenzari's Chagrin {Self, Fort} (curse)
rNeg    . . .      Spirit   .   g - +0 troll leather armour of Supernal Knowledge {Regen+, Melee, Self} (curse)
rPois   ∞          Reflect  .   A - +1 helmet
rElec   .          Harm     .   C - +2 cloak of Panopticon {Will+, Self, Fort} (curse)
rCorr   +          Rampage  .   y - +2 pair of gloves of the Sibylline Gnosis {Self, Cun} (curse)
Will    ++...      Clarity  +   (boots unavailable)
Stlth   ++........              I - amulet "Fetters of Ashenzari" {Acrobat, Self, Melee} (curse)
HPRegen 1.14/turn               E - ring "Share My Seeker" {Wiz, Self, Melee} (curse)
MPRegen 0.00/turn               q - ring of resist corrosion

@: paralysed, flying
A: sickness immunity, fire resistance 2, cold vulnerability 1, float, innate
caster, HP casting, extra vitality 1
a: Renounce Religion, Curse Item, Shatter the Chains


You were on level 2 of the Orcish Mines.
You worshipped Ashenzari.
Ashenzari was greatly pleased with you.
You visited 3 branches of the dungeon, and saw 20 of its levels.
You also visited: Volcano.

You collected 1796 gold pieces.
You spent 344 gold pieces at shops.

Inventory:

Missiles
 a - 469 stones
 d - 3 throwing nets
 J - 11 curare-tipped darts
Armour
 g - the cursed +0 troll leather armour of Supernal Knowledge (worn) {Regen+, Melee, Self}
   (You found it on level 10 of the Dungeon)

   Regen:     It increases your rate of health regeneration.
   It has a curse which improves the following skills: Melee Combat: Short
   Blades, Long Blades, Axes, Maces & Flails, Polearms, Staves and Unarmed
   Combat.
   Introspection: Fighting and Spellcasting.
 t - the cursed +0 buckler of Ashenzari's Chagrin (worn) {Self, Fort}
   (You found it on level 7 of the Dungeon)

   It has a curse which improves the following skills: Introspection: Fighting
   and Spellcasting.
   Fortitude: Armour and Shields.
 y - the cursed +2 pair of gloves of the Sibylline Gnosis (worn) {Self, Cun}
   (You found it on level 5 of the Dungeon)

   It has a curse which improves the following skills: Introspection: Fighting
   and Spellcasting.
   Cunning:   Dodging and Stealth.
 A - a +1 helmet (worn)
 C - the cursed +2 cloak of Panopticon (worn) {Will+, Self, Fort}
   (You bought it in a shop on level 1 of the Dungeon)

   It has a curse which improves the following skills: Introspection: Fighting
   and Spellcasting.
   Fortitude: Armour and Shields.
Magical Staves
 H - a staff of conjuration (weapon)
Jewellery
 q - a ring of resist corrosion (right hand)
 E - the cursed ring "Share My Seeker" (left hand) {Wiz, Self, Melee}
   (You found it on level 8 of the Dungeon)

   [ring of wizardry]

   It improves your spell success rate.
   It has a curse which improves the following skills: Introspection: Fighting
   and Spellcasting.
   Melee Combat: Short Blades, Long Blades, Axes, Maces & Flails, Polearms,
   Staves and Unarmed Combat.
 I - the cursed amulet "Fetters of Ashenzari" (around neck) {Acrobat, Self, Melee}
   (You found it on level 9 of the Dungeon)

   [amulet of the acrobat]

   It increases your evasion while moving and waiting.
   It has a curse which improves the following skills: Introspection: Fighting
   and Spellcasting.
   Melee Combat: Short Blades, Long Blades, Axes, Maces & Flails, Polearms,
   Staves and Unarmed Combat.
 K - a ring of protection from fire
Wands
 p - a wand of flame (50)
 r - a wand of polymorph (8)
 u - a wand of acid (4)
 v - a wand of charming (14)
 z - a wand of paralysis (11)
 G - a wand of iceblast (8)
 N - a wand of digging (5)
Scrolls
 b - 2 scrolls of immolation
 c - 2 scrolls of noise
 j - 2 scrolls of enchant weapon
 k - 8 scrolls of teleportation
 o - 4 scrolls of fog
 w - a scroll of silence
 F - a scroll of summoning
Potions
 e - 4 potions of curing
 f - 2 potions of flight
 h - 4 potions of haste
 i - 2 potions of magic
 l - 10 potions of brilliance
 m - 3 potions of ambrosia
 s - 2 potions of cancellation
 x - 2 potions of mutation
 B - 2 potions of resistance
 D - a potion of invisibility
 L - a potion of heal wounds
Miscellaneous
 M - a lightning rod (4/4)


   Skills:
 * Level 19.3(25.3) Fighting
 - Level 10.0(13.0) Armour
 - Level 8.0(10.0) Dodging
 - Level 1.5(2.9) Stealth
 - Level 8.1(11.1) Shields
 - Level 7.5(13.6) Spellcasting
 + Level 8.7 Evocations


You had 7 spell levels left.
You knew the following spells:

 Your Spells              Type           Power      Damage    Failure   Level
a - Sandblast             Erth           100%       2d20      0%          1
b - Passwall              Tmut/Erth      58%        N/A       1%          2
c - Stone Arrow           Conj/Erth      100%       3d13      1%          3
d - Petrify               Tmut/Erth      70%        N/A       1%          4
e - Pain                  Necr           100%       1d9       0%          1
f - Ensorcelled Hibernat  Hex/Ice        100%       N/A       1%          2
g - Teleport Other        Tloc           70%        N/A       1%          3
h - Frozen Ramparts       Ice            100%       1d12      1%          3
i - Fireball              Conj/Fire      44%        3d18      1%          5
j - Agony                 Necr           70%        N/A       1%          5
k - Dispersal             Tloc           35%        N/A       1%          6
Your spell library was empty.

Dungeon Overview and Level Annotations

Branches:
Dungeon (12/15)            Temple (0/1) D:4            Lair (6/6) D:10
 Shoals (0/4) Lair:2        Snake (0/4) Lair:4        Slime (0/5) Lair:6
    Orc (2/2) D:10            Elf (0/3) Orc:2       Volcano (visited)

Altars:
Ashenzari
Fedhas
Gozag
Hepliaklqana
Nemelex Xobeh
Qazlal
Sif Muna
Trog

Shops:
D:1 *   D:5 (

Annotations:
D:3 1 runed translucent door, Crazy Yiuf
D:8 exclusions: 3 centaurs and 11 more exclusions
Orc:2 Jorgrun, Josephine, Rupert


Innate Abilities, Weirdness & Mutations

You are immune to sickness and miasma.
You are immune to poison.
Your flesh is very heat resistant. (rF++)
You are vulnerable to cold. (rC-)
You float through the air rather than walking.
You learn spells naturally, not from books.
Your magical power is your life essence.
You have superior vitality. (+4 MHP)


Message History

The two-headed ogre misses you. The orc warrior barely misses you.
Rupert yells loudly at you.
You suddenly lose the ability to move!
The ogre mage gestures at the two-headed ogre while chanting.
The two-headed ogre seems to speed up.
The ogre hits you with a +0 giant club.
Rupert hits you with a +2 great mace of protection!
The ogre mage completely misses you.
An ogre comes into view. It is wielding a +0 giant club.
The ogre hits you but does no damage.
The ogre hits you with a +0 giant spiked club!!
The two-headed ogre hits you with a +0 giant club.
The two-headed ogre barely misses you.
Rupert hits you with a +2 great mace of protection!
The orc warrior hits you but does no damage.
The ogre mage gestures wildly while chanting.
The ogre mage flickers and vanishes for a moment.
The ogre mage hits you but does no damage.
The troll bites you but does no damage. The troll completely misses you.
The troll claws you!
The ogre hits you with a +0 giant spiked club!
The orc warrior hits you with a +0 war axe!
Rupert roars wildly at you.
You shrug off the repeated paralysis!
The two-headed ogre hits you but does no damage.
The two-headed ogre hits you with a +0 dire flail.
An ogre comes into view. It is wielding a +0 giant club.
The ogre barely misses you.
The warg howls!
The orc wizard shouts!
The troll bites you! The troll claws you.
* * * LOW HITPOINT WARNING * * *
The troll claws you.
* * * LOW HITPOINT WARNING * * *
Rupert hits you with a +2 great mace of protection!!
* * * LOW HITPOINT WARNING * * *
The orc warrior hits you with a +0 war axe!
* * * LOW HITPOINT WARNING * * *
The ogre mage hits you but does no damage.
An ogre mage comes into view. It is wielding a +0 spear.
The two-headed ogre hits you with a +0 giant club!
You die...

, *,...............,
, ,,
................. , ,
, ,
.,.#...o..........,
,,,, , , ,
....h...........,,,,,
, ,,..........[....#
, , * ,
....#.........##* , ,
, , , *,
.......O.......#. **
,,$....oOTO.....#.#,
** * , ,
,.#.##O@oh....... , ,
, ...O.O.O@.......#,
, * , ,
,.O...............,
,, * **
O########........, ,
, * * , ,,,{
####......., , , ,
,,,, {{, * .......**
, , ,,, { ,{{ ..[..#.
* * ,, ,,,{{
{{{{..[[..,,* , , , ∩
, ,,,@..#... ,


You could see Rupert, 2 two-headed ogres, 3 ogre magi, a troll, 2 wargs, an orc
warrior, 4 ogres, an orc wizard and an orc.

Vanquished Creatures
  The ghost of trm the Destroyer, a journeyman OpCj of Gozag (Lair:6)
  A red draconian (Volcano)
  A fire dragon (Lair:1)
  8 hydras
  A boulder beetle (Lair:4)
  2 catoblepae
  10 two-headed ogres
  6 death yaks
  Sonja (Orc:1)
  A goliath frog (Lair:6)
  2 deep elf pyromancers
  3 salamanders (Volcano)
  An orc sorcerer (Orc:1)
  5 cyclopes
  A manticore (D:12)
  11 elephants
  Joseph (D:8)
  A guardian serpent (D:11)
  Maurice (D:8)
  4 black mambas
  5 molten gargoyles (Volcano)
  A torpor snail (Lair:6)
  19 cane toads
  A gargoyle (Volcano)
  12 komodo dragons
  4 rime drakes
  3 efreet (Volcano)
  An unseen horror (D:12)
  A polar bear (Lair:4)
  3 tyrant leeches (Lair:6)
  5 trolls
  39 blink frogs
  5 dream sheep (Lair:3)
  A vampire (D:12)
  Sigmund (D:3)
  65 yaks
  A shadow (D:9)
  A wraith (D:7)
  3 wyverns
  3 basilisks
  11 vampire mosquitoes
  2 wargs (Orc:1)
  Edmund (D:6)
  5 nagas (Lair:4)
  15 water moccasins
  2 ice beasts
  10 orc warriors
  A sky beast (D:6)
  6 black bears
  14 centaurs
  8 ogres
  23 wolves
  5 boggarts (D:12)
  2 phantoms
  8 kobold brigands
  16 bullfrogs
  6 gnoll sergeants
  5 scorpions
  12 wights
  10 killer bees (D:9)
  6 howler monkeys
  3 electric eels
  2 jellies
  4 hounds
  9 orc priests
  Ijyb (D:3)
  5 iguanas
  3 hell rats
  6 orc wizards
  12 adders
  10 gnolls
  A shadow imp (D:7)
  A white imp (D:5)
  3 dart slugs
  43 orcs
  5 bats
  5 endoplasms
  3 giant cockroaches
  6 goblins
  7 hobgoblins
  4 jackals
  8 quokkas
  8 ball pythons
  A frilled lizard (D:1)
  18 kobolds
  7 rats
579 creatures vanquished.

Vanquished Creatures (others)
  A bush (Lair:6)
  58 fungi
  248 plants
307 creatures vanquished.

Grand Total: 886 creatures vanquished

Notes
Turn   | Place    | Note
-------+----------+-------------------------------------------
     0 | D:1      | Ajdolov the Djinni Earth Elementalist began the quest for
                  | the Orb.
     0 | D:1      | Reached XP level 1. HP: 15/15 MP: 0/0
    16 | D:1      | Found Otism's Assorted Antiques.
   204 | D:1      | You are sucked into a shaft and drop 1 floor!
   250 | D:1      | Reached XP level 2. HP: 20/21 MP: 0/0
   266 | D:1      | Found a faded altar of an unknown god.
   952 | D:2      | Reached XP level 3. HP: 25/25 MP: 0/0
   952 | D:2      | Learned a level 1 spell: Pain
  1517 | D:2      | Reached XP level 4. HP: 31/31 MP: 0/0
  2739 | D:3      | Reached XP level 5. HP: 35/36 MP: 0/0
  2739 | D:3      | Learned a level 2 spell: Ensorcelled Hibernation
  2905 | D:3      | Noticed Ijyb
  2907 | D:3      | Killed Ijyb
  2908 | D:3      | Reached skill level 1 in Fighting
  3106 | D:3      | Found a stormy altar of Qazlal.
  3108 | D:3      | Found a broken altar of Ashenzari.
  3109 | D:3      | Found a blossoming altar of Fedhas.
  3112 | D:3      | Became a worshipper of Ashenzari the Shackled
  3658 | D:3      | Found an opulent altar of Gozag.
  3692 | D:3      | Noticed Sigmund
  3696 | D:3      | Killed Sigmund
  3697 | D:3      | Reached skill level 2 in Fighting
  3697 | D:3      | Reached skill level 5 in Spellcasting
  3697 | D:3      | Reached XP level 6. HP: 38/45 MP: 0/0
  3935 | D:3      | Found a runed translucent door.
  3936 | D:3      | Noticed Crazy Yiuf
  3995 | D:4      | Reached XP level 7. HP: 40/49 MP: 0/0
  3995 | D:4      | Learned a level 3 spell: Teleport Other
  4452 | D:4      | Reached skill level 3 in Fighting
  4710 | D:4      | Found a staircase to the Ecumenical Temple.
  4818 | D:4      | Identified the +5 ring mail of the Moon {Stlth+}
  4974 | D:4      | Found a bloodstained altar of Trog.
  5155 | D:5      | Entered Level 5 of the Dungeon
  5464 | D:5      | Reached XP level 8. HP: 52/58 MP: 0/0
  5562 | D:5      | Reached skill level 4 in Fighting
  5573 | D:5      | Reached skill level 5 in Fighting
  6433 | D:5      | Found Juhu's Weapon Shop.
  6792 | D:5      | Reached skill level 6 in Fighting
  7277 | D:6      | Reached XP level 9. HP: 61/67 MP: 0/0
  7277 | D:6      | Learned a level 3 spell: Frozen Ramparts
  7453 | D:6      | Noticed Edmund
  7463 | D:6      | Reached skill level 7 in Fighting
  7463 | D:6      | Reached skill level 5 in Dodging
  7470 | D:6      | Killed Edmund
  8159 | D:6      | Reached skill level 8 in Fighting
  9056 | D:7      | Reached skill level 9 in Fighting
  9111 | D:7      | Reached XP level 10. HP: 66/78 MP: 0/0
  9522 | D:7      | Reached skill level 1 in Shields
  9939 | D:1      | Bought a glowing cloak for 172 gold pieces
  9939 | D:1      | Bought an embroidered cloak for 172 gold pieces
 10950 | D:8      | Noticed Maurice
 10958 | D:8      | Noticed a two-headed ogre
 10958 | D:8      | Killed Maurice
 11060 | D:8      | Found a sparkling altar of Nemelex Xobeh.
 11061 | D:8      | Found a hazy altar of Hepliaklqana.
 11066 | D:8      | Noticed Joseph
 11075 | D:8      | Killed Joseph
 11972 | D:9      | Reached skill level 10 in Fighting
 12497 | D:9      | Reached XP level 11. HP: 66/86 MP: 0/0
 12497 | D:9      | Learned a level 5 spell: Fireball
 12509 | D:9      | Noticed a deep elf pyromancer
 12516 | D:9      | Killed a deep elf pyromancer
 12517 | D:9      | Reached skill level 5 in Shields
 13124 | D:9      | Reached skill level 11 in Fighting
 13426 | D:10     | Entered Level 10 of the Dungeon
 13438 | D:10     | Reached * piety under Ashenzari
 13630 | D:10     | Noticed a death yak
 13635 | D:10     | Noticed a death yak
 13641 | D:10     | Killed a death yak
 13641 | D:10     | Noticed a death yak
 14637 | D:10     | Found a staircase to the Orcish Mines.
 15677 | D:10     | Killed a death yak
 15678 | D:10     | Reached XP level 12. HP: 70/98 MP: 0/0
 15681 | D:10     | Killed a death yak
 15682 | D:10     | Reached skill level 12 in Fighting
 15861 | D:10     | Found a staircase to the Lair.
 15953 | Lair:1   | Entered Level 1 of the Lair of Beasts
 16270 | D:11     | Reached ** piety under Ashenzari
 16287 | D:11     | Reached skill level 1 in Armour
 16533 | D:11     | Noticed a two-headed ogre
 16541 | D:11     | Killed a two-headed ogre
 17278 | Lair:1   | Noticed an eight-headed hydra
 17287 | Lair:1   | Killed an eight-headed hydra
 17411 | Lair:1   | Reached *** piety under Ashenzari
 17443 | Lair:1   | Reached skill level 13 in Fighting
 17739 | Lair:1   | Reached skill level 5 in Armour
 17757 | Lair:1   | Noticed a fire dragon
 17776 | Lair:1   | Killed a fire dragon
 17958 | Lair:1   | Noticed a five-headed hydra
 17963 | Lair:1   | Killed a five-headed hydra
 18322 | Lair:2   | Reached XP level 13. HP: 95/112 MP: 0/0
 18322 | Lair:2   | Learned a level 5 spell: Agony
 18545 | Lair:2   | Reached skill level 14 in Fighting
 18841 | Lair:2   | Found a staircase to the Shoals.
 19437 | Lair:3   | Noticed a catoblepas
 19456 | Lair:3   | Killed a catoblepas
 19540 | Lair:3   | Reached **** piety under Ashenzari
 19600 | Lair:3   | Reached skill level 15 in Fighting
 20137 | Lair:4   | Found a staircase to the Snake Pit.
 20335 | Lair:4   | Noticed a boulder beetle
 20363 | Lair:4   | Killed a boulder beetle
 20364 | Lair:4   | Reached XP level 14. HP: 92/128 MP: 0/0
 20413 | Lair:4   | Identified the +7 mace "Otaotum" {drain, Will+}
 20467 | Lair:4   | Reached skill level 10 in Armour
 20596 | Lair:4   | Reached skill level 1 in Evocations
 21122 | Lair:5   | Reached skill level 16 in Fighting
 21224 | Lair:5   | Found a dark tunnel.
 21232 | Volcano  | Entered a volcano
 21371 | Volcano  | Noticed a red draconian
 21387 | Volcano  | Killed a red draconian
 21426 | Volcano  | Noticed an orb of fire
 21465 | Volcano  | Noticed an orb of fire
 21758 | Lair:5   | Reached skill level 5 in Evocations
 21823 | Lair:5   | Reached skill level 17 in Fighting
 22433 | Lair:5   | Reached XP level 15. HP: 116/139 MP: 0/0
 22433 | Lair:5   | Learned a level 6 spell: Dispersal
 22579 | Lair:6   | Entered Level 6 of the Lair of Beasts
 22579 | Lair:6   | Noticed trm's ghost (journeyman OpCj)
 22579 | Lair:6   | Found a runed translucent door.
 22604 | Lair:6   | Killed trm's ghost
 23037 | Lair:6   | Reached skill level 18 in Fighting
 23288 | Lair:6   | Identified the +4 scimitar of the Owl {freeze, +Blink rC++
                  | Str-3 Dex+4}
 23811 | Lair:6   | Found a staircase to the Slime Pits.
 24712 | Orc:1    | Entered Level 1 of the Orcish Mines
 24981 | Orc:1    | Noticed Sonja
 24995 | Orc:1    | Killed Sonja
 25100 | Orc:2    | Entered Level 2 of the Orcish Mines
 25101 | Orc:2    | Noticed Josephine
 25102 | Orc:2    | Noticed Jorgrun
 25198 | Orc:2    | Found a staircase to the Elven Halls.
 25218 | Orc:1    | Reached skill level 19 in Fighting
 25289 | Orc:2    | Noticed Rupert
 25473 | Orc:1    | HP: 4/142 [two-headed ogre/+0 giant spiked club (24)]
 25636 | D:10     | Reached XP level 16. HP: 47/149 MP: 0/0
 25929 | Orc:2    | Paralysed by Rupert for 5 turns
 25933 | Orc:2    | HP: 6/149 [orc warrior/+0 war axe[an orc high priest] (10)]
 25933 | Orc:2    | Slain by a two-headed ogre

Illustrated notes

Levels and vault maps discovered:
D:1:      dpeg_arrival_pits, layout_basic, basic_ecumenical_altar, serial_shops,
          shop, chequers_big_river, minmay_split_cup_large
D:2:      minmay_diamond_boxcup, layout_basic, minmay_distorted
D:3:      layout_loops_ring, nicolae_overflow_quartered_altars,
          minmay_misc_feat_alley, uniq_crazy_yiuf_cottage, uniq_ijyb,
          uniq_sigmund
D:4:      layout_rooms, trog_butcher_becter, minmay_temple_entry_poolview
D:5:      layout_layer_cave, serial_shops, nicolae_shop_bloodbath_and_beyond,
          minmay_pentangle
D:6:      layout_basic, interstate_on_off, corexii_shack, uniq_edmund
D:7:      layout_loops_ring, minmay_quadrilaterals
D:8:      nicolae_whirlpool, layout_basic,
          chequers_temple_overflow_statue_of_worship, uniq_maurice, uniq_joseph
D:9:      layout_cave_pools
D:10:     layout_stronghold, dpeg_lair_monsters,
          kennysheep_orc_monster_closet_entryway
D:11:     layout_loops_ring, hex_medium, nrook_guardian_serpent_double
D:12:     layout_cave_pools, minivault_16
Lair:1:   dragon1_lemuel, layout_long_grid
Lair:2:   layout_misc_corridors, minmay_shoals_entry_centaurs
Lair:3:   layout_chaotic_city
Lair:4:   layout_gridlike, minmay_snake_entry_guardpost_large,
          grunt_megastairs_4
Lair:5:   layout_cave_pods, enter_volcano_1, grunt_megastairs_1
Lair:6:   minmay_lair_end_frog_pond, layout_regular_city, slime_dummy,
          ebering_ghost_inner_flame, serial_forest,
          infiniplex_forest_clump_double, infiniplex_forest_corner_2,
          infiniplex_forest_end_1, infiniplex_forest_lined_room_2,
          infiniplex_forest_split, infiniplex_forest_straight_2,
          infiniplex_forest_clump_tiny, infiniplex_forest_lined_room_2,
          infiniplex_forest_lined_room_2, infiniplex_forest_clump_small
Orc:1:    layout_caves, uniq_sonja
Orc:2:    st_orc_ogre_mass, layout_caves, uniq_rupert, uniq_josephine,
          uniq_jorgrun

Skill      XL: |  1  2  3  4  5  6  7  8  9 10 11 12 13 14 15 |
---------------+----------------------------------------------+-----
Spellcasting   | 3 4 5 6 7 |  7.5
Fighting       | 2 3 6 9 10 11 13 15 17 19 | 19.3
Dodging        | 4 6 8 |  8.0
Shields        | 4 7 8 |  8.1
Armour         | 6 9 10 | 10.0
Evocations     | 5 8 |  8.7
Stealth        | |  1.5

Action                   |  1- 3 |  4- 6 |  7- 9 | 10-12 | 13-15 | 16-18 || total
-------------------------+-------+-------+-------+-------+-------+-------++-------
Melee: Spear             |    79 |   116 |     4 |       |       |       ||   199
       Punch             |     1 |     2 |       |       |       |       ||     3
       Flail             |       |       |     2 |     1 |       |       ||     3
       Short sword       |       |       |       |     2 |    12 |       ||    14
       Staff             |       |       |       |       |     1 |       ||     1
 Cast: Sandblast         |    12 |     5 |       |       |       |       ||    17
       Stone Arrow       |       |    18 |   129 |   281 |   593 |    14 ||  1035
       Frozen Ramparts   |       |       |       |    14 |    66 |     1 ||    81
       Fireball          |       |       |       |    15 |    29 |       ||    44
       Teleport Other    |       |       |       |     1 |       |       ||     1
       Agony             |       |       |       |       |     1 |       ||     1
Invok: Curse Item        |       |       |     1 |     4 |     2 |       ||     7
       Shatter the Chain |       |       |       |     1 |       |       ||     1
  Use: Scroll            |       |       |     4 |    10 |     2 |       ||    16
 Stab: Sleeping          |     4 |     6 |       |       |       |       ||    10
       Distracted        |     1 |     1 |       |       |       |       ||     2
Armor: Robe              |    15 |    25 |    23 |    35 |       |       ||    98
       Troll leather arm |       |       |       |     2 |   130 |     9 ||   141
Dodge: Dodged            |    47 |    68 |    45 |   140 |   263 |    23 ||   586
Block: Buckler           |       |       |       |    37 |   150 |     5 ||   192

Table legend: (Time is in decaauts)
 A = Elapsed time spent in this place.
 B = Non-inter-level travel time spent in this place.
 C = Inter-level travel time spent in this place.
 D = Time resting spent in this place.
 E = Time spent auto-exploring this place.
 F = Levels seen in this place.
 G = Mean time per level.
                   A        B        C        D        E       F      G
               +--------+--------+--------+--------+--------+-----+--------+
         Total |  25994 |  24771 |   1223 |   6107 |  14521 |  21 | 1237.8 |
       Dungeon |  18006 |  17278 |    728 |   5171 |   9881 |  12 | 1500.5 |
          Lair |   6577 |   6230 |    347 |    513 |   4210 |   6 | 1096.2 |
  Orcish Mines |    975 |    828 |    147 |    306 |    308 |   2 |  487.5 |
       Volcano |    435 |    435 |      0 |    117 |    122 |   1 |  435.0 |
               +--------+--------+--------+--------+--------+-----+--------+

Top non-repeatable levels by time:
     D:9: 2365 daAuts
     D:5: 2016 daAuts
    D:10: 1969 daAuts
     D:8: 1848 daAuts
     D:3: 1779 daAuts
     D:2: 1734 daAuts
     D:6: 1582 daAuts
  Lair:6: 1418 daAuts
  Lair:5: 1309 daAuts
    D:11: 1296 daAuts
  Lair:1: 1199 daAuts
     D:7: 1183 daAuts
  Lair:2: 970 daAuts
     D:4: 941 daAuts
   Orc:1: 916 daAuts
